 Dungeon Crawl Stone Soup version 0.28-a0-627-g4e9751bbfc (webtiles) character file.

Game seed: 2343310052559030927

246 KristoblXynda the Slasher (level 5, -1/46 HPs)
             Began as a Draconian Gladiator on Oct 8, 2021.
             Slain by Crazy Yiuf (18 damage)
             ... on level 3 of the Dungeon.
             The game lasted 00:03:31 (4984 turns).

KristoblXynda the Slasher (Draconian Gladiator)     Turns: 4984, Time: 00:03:32

Health: -1/46      AC:  5    Str: 18    XL:     5   Next: 84%
Magic:  5/5        EV: 13    Int:  8    God:
Gold:   137        SH:  0    Dex: 12    Spells: 4/4 levels left

rFire   . . .      SeeInvis .   a - +0 long sword
rCold   . . .      Faith    .   (no shield)
rNeg    . . .      Spirit   .   (armour unavailable)
rPois   .          Reflect  .   b - +0 hat
rElec   .          Harm     .   (no cloak)
rCorr   .          Rampage  .   (no gloves)
Will    .....                   (no boots)
Stlth   +.........              (no amulet)
HPRegen 0.15/turn               (no ring)
MPRegen 0.09/turn               (no ring)

@: lethally poisoned (-1 -> -9)
A: AC +5, unfitting armour, cold-blooded
a: no special abilities


You were on level 3 of the Dungeon.
You visited 1 branch of the dungeon, and saw 3 of its levels.

You collected 137 gold pieces.

Inventory:

Hand Weapons
 a - a +0 long sword (weapon)
Armour
 b - a +0 hat (worn)
Scrolls
 e - a scroll of magic mapping {unknown}
 f - a scroll of teleportation {unknown}
Potions
 d - a potion of haste
 h - a potion of mutation {unknown}
 i - a potion of curing {unknown}


   Skills:
 + Level 3.7 Fighting
 * Level 5.1 Long Blades
 - Level 2.0 Throwing
 + Level 3.7 Dodging


You had 4 spell levels left.
You didn't know any spells.
Your spell library contained the following spells:

 Spells                   Type           Power      Damage    Failure   Level
 Passwall                 Tmut/Erth      0%         N/A       54%         2
 Slow                     Hex            0%         N/A       54%         2
 Stone Arrow              Conj/Erth      0%         3d7       78%         3
 Yara's Violent Unravell  Hex/Tmut       0%         3d3       100%        5


Dungeon Overview and Level Annotations

Branches:
Dungeon (3/15)

Altars:
Hepliaklqana
Zin

Annotations:
D:3 Crazy Yiuf


Innate Abilities, Weirdness & Mutations

Your plain brown scales are hard. (AC +5)
You cannot fit into any form of body armour.
You are cold-blooded and may be slowed by cold attacks.


Message History

You strike the helpless Crazy Yiuf from behind!
You hit Crazy Yiuf.
Crazy Yiuf is moderately wounded.
Crazy Yiuf says, "Cake!"
Crazy Yiuf struggles against the net. x2
You hit Crazy Yiuf.
Crazy Yiuf is moderately wounded.
Crazy Yiuf struggles against the net.
You hit Crazy Yiuf.
Crazy Yiuf is severely wounded.
Crazy Yiuf struggles against the net.
You hit Crazy Yiuf.
Crazy Yiuf is severely wounded.
Crazy Yiuf glowers.
Crazy Yiuf struggles against the net.
The net rips apart, and Crazy Yiuf comes free!
You hit Crazy Yiuf.
You tail-slap Crazy Yiuf, but do no damage.
Crazy Yiuf is almost dead.
Crazy Yiuf closely misses you.
You barely miss Crazy Yiuf.
Crazy Yiuf is almost dead.
Crazy Yiuf hits you with a +4 quarterstaff of chaos!
You are poisoned.
Crazy Yiuf hits you with a +4 quarterstaff of chaos.
You feel yourself slow down. Crazy Yiuf freezes you.
Unknown command.
You barely miss Crazy Yiuf.
Crazy Yiuf is almost dead.
* * * LOW HITPOINT WARNING * * *
You feel very sick.
Crazy Yiuf whimpers, "Fluff ladder down!"
Crazy Yiuf barely misses you.
Unknown command.
It was a potion of heal wounds.
You feel much better.
You feel yourself speed up.
You feel very sick.
Crazy Yiuf hits you with a +4 quarterstaff of chaos!
You are electrocuted!!
You die...

..# #.####
##### .....#
#####...##
#.##.#
#........#
#.##)#
#.###....#
..##.# #.#
#....# ####.#
#.# ♣....♣
####.######.#
♣...♣♣
..........#.#
♣♣@♣♣
.o....###...#
♣g♣♣
.####.###...#
♣♣.♣
...##.......#
♣.♣♣
....#..##...#
♣♣.♣
....#.......#
#'#
_......###.##
... ....#..#
#..# #...#
....#..# ####
#..)#


You could see Crazy Yiuf.

Vanquished Creatures
  An orc priest (D:3)
  An iguana (D:3)
  Terence (D:3)
  4 gnolls (D:2)
  3 adders (D:2)
  An ufetubus (D:2)
  5 worms
  A dart slug (D:3)
  6 orcs
  5 endoplasms
  4 giant cockroaches
  6 goblins
  3 hobgoblins (D:1)
  4 jackals (D:2)
  8 kobolds
  2 quokkas (D:1)
  6 ball pythons
  7 bats
  5 frilled lizards
  3 rats
76 creatures vanquished.

Notes
Turn   | Place    | Note
-------+----------+-------------------------------------------
     0 | D:1      | KristoblXynda the Draconian Gladiator began the quest for
                  | the Orb.
     0 | D:1      | Reached XP level 1. HP: 17/17 MP: 1/1
   223 | D:1      | Reached XP level 2. HP: 25/25 MP: 2/2
  1070 | D:2      | Reached XP level 3. HP: 30/30 MP: 3/3
  1820 | D:2      | Reached skill level 4 in Long Blades
  1820 | D:2      | Reached XP level 4. HP: 14/38 MP: 4/4
  2474 | D:2      | Got the Almanac of Enthralling Clay
  3006 | D:2      | Reached XP level 5. HP: 42/45 MP: 5/5
  3424 | D:3      | Found a glowing silver altar of Zin.
  3473 | D:3      | Found a runed translucent door.
  3474 | D:3      | Noticed Crazy Yiuf
  4306 | D:3      | Found a hazy altar of Hepliaklqana.
  4635 | D:3      | Noticed Terence
  4639 | D:3      | Reached skill level 5 in Long Blades
  4648 | D:3      | Killed Terence
  4984 | D:3      | Slain by Crazy Yiuf

Illustrated notes

Levels and vault maps discovered:
D:1:      dpeg_arrival_long_road, layout_basic, grunt_decor_one_mirror,
          due_unseen_surprise
D:2:      layout_basic, minmay_split_cup_large
D:3:      layout_loops_cross, nicolae_overflow_hidden_temple,
          old_standard_altar, minmay_misc_feat_rugged,
          kennysheep_generic_room_11, uniq_crazy_yiuf_cottage, uniq_terence

Skill      XL: |  1  2  3  4  5 |
---------------+----------------+-----
Throwing       | 2 |  2.0
Dodging        | 3 |  3.7
Fighting       | 3 |  3.7
Long Blades    | 4 5 |  5.1

Action                   |  1- 3 |  4- 6 || total
-------------------------+-------+-------++-------
Melee: Long sword        |   103 |   133 ||   236
       Tailslap          |    16 |    17 ||    33
Throw: Throwing net      |       |     3 ||     3
  Use: Scroll            |       |     3 ||     3
       Potion            |       |     2 ||     2
 Stab: Held in net/web   |       |     1 ||     1
       Sleeping          |       |     1 ||     1
Armor: Skin              |    38 |    32 ||    70
Dodge: Dodged            |    78 |    88 ||   166

Table legend: (Time is in decaauts)
 A = Elapsed time spent in this place.
 B = Non-inter-level travel time spent in this place.
 C = Inter-level travel time spent in this place.
 D = Time resting spent in this place.
 E = Time spent auto-exploring this place.
 F = Levels seen in this place.
 G = Mean time per level.
                   A        B        C        D        E       F      G
               +--------+--------+--------+--------+--------+-----+--------+
         Total |   5038 |   4917 |    121 |   1786 |   2429 |   3 | 1679.3 |
       Dungeon |   5038 |   4917 |    121 |   1786 |   2429 |   3 | 1679.3 |
               +--------+--------+--------+--------+--------+-----+--------+

Top non-repeatable levels by time:
     D:2: 2513 daAuts
     D:3: 1475 daAuts
     D:1: 1050 daAuts
